 Dungeon Crawl Stone Soup version 0.23-a0-139-ga22e90c (webtiles) character file.

87 snuffy2 the Ducker (level 4, -2/35 HPs)
             Began as a Demonspawn Monk on Aug 30, 2018.
             Slain by an orc
             ... wielding a +0 morningstar
              (8 damage)
             ... on level 2 of the Dungeon.
             The game lasted 00:07:12 (2317 turns).

snuffy2 the Ducker (Demonspawn Monk)                Turns: 2317, Time: 00:07:12

Health: -2/35      AC:  3    Str: 12    XL:     4   Next: 28%
Magic:  4/4        EV: 13    Int: 11    God:
Gold:   132        SH:  3    Dex: 16    Spells: 3/3 levels left

rFire    . . .     SeeInvis .   a - +0 falchion
rCold    . . .     Gourm    .   g - +0 buckler
rNeg     . . .     Faith    .   b - +0 robe
rPois    .         Spirit   .   n - +0 helmet
rElec    .         Reflect  .   (no cloak)
rCorr    .         Harm     .   (no gloves)
MR       .....                  (no boots)
Stlth    +++.......             (no amulet)
HPRegen  0.11/turn              (no ring)
MPRegen  0.09/turn              (no ring)

@: no status effects
A: hooves 1, demonic guardian 1, nightstalker 1
a: no special abilities


You were on level 2 of the Dungeon.
You were not hungry.

You visited 1 branch of the dungeon, and saw 3 of its levels.

You collected 132 gold pieces.

Inventory:

Hand Weapons
 a - a +0 falchion (weapon)
Armour
 b - a +0 robe (worn)
 g - a +0 buckler (worn)
   (You found it on level 1 of the Dungeon)
 n - a +0 helmet (worn)
   (You found it on level 2 of the Dungeon)
Scrolls
 c - a scroll of magic mapping {unknown}
 d - 2 scrolls of identify {@r1}
 h - a scroll of amnesia
 k - a scroll of fog {unknown}
 o - a scroll of noise {unknown}
Potions
 f - a potion of cancellation {unknown}
 j - a potion of might {unknown}
 l - 2 potions of curing {unknown}
 m - a potion of resistance {unknown}
Comestibles
 e - 4 rations {!d}


   Skills:
 - Level 3.0 Fighting
 - Level 2.6 Long Blades
 + Level 3.7 Dodging
 - Level 3.4 Stealth


You had 3 spell levels left.
You didn't know any spells.
Your spell library was empty.

Dungeon Overview and Level Annotations

Branches:
Dungeon (3/15)

Altars:


Innate Abilities, Weirdness & Mutations

You have large cloven feet.
A weak demonic guardian rushes to your aid.
You are slightly more attuned to the shadows.


Message History

There is a stone staircase leading up here.
You climb upwards.
There is a stone staircase leading down here.
All of the chunks of flesh in your inventory have rotted away.
There is a stone staircase leading down here.
You climb downwards.
An orc comes into view. It is wielding a mace.
Found a ration.
There is a stone staircase leading up here.
Found an escape hatch in the floor.
An orc comes into view. It is wielding a dagger.
The helpless orc fails to defend itself.
You hit the orc. Your kick misses the orc. The orc hits you with a mace.
You hit the orc.
The orc shouts!
You hear a shout!
A kobold comes into view. It is wielding a dagger of protection.
The orc closely misses you.
You hit the orc.
You kill the orc!
An orc comes into view. It is wielding a whip.
An orc comes into view. It is wielding a club.
An orc comes into view. It is wielding a morningstar.
There is a stone staircase leading up here.
You hit the orc. You kick the orc.
You kill the orc!
The orc shouts!
You hit the kobold but do no damage.
You hear a shout!
The kobold hits you with a dagger of protection.
You hit the kobold but do no damage. You kick the kobold, but do no damage.
The kobold closely misses you.
You completely miss the kobold. Your kick misses the kobold.
The kobold hits you with a dagger of protection.
You closely miss the kobold. The kobold barely misses you.
You closely miss the kobold. Your kick misses the kobold.
The kobold hits you with a dagger of protection.
The kobold misses you. The orc hits you with a morningstar!
The kobold hits you with a dagger of protection.
You climb upwards.
There is a stone staircase leading down here.
The kobold completely misses you.
You riposte.
You hit the kobold but do no damage. You kick the kobold, but do no damage.
The orc closely misses you.
You riposte.
You hit the orc but do no damage. You kick the orc. You hit the orc.
Your kick misses the orc. The orc hits you with a morningstar!
* * * LOW HITPOINT WARNING * * *
You hit the orc but do no damage. Your kick misses the orc.
The orc hits you with a morningstar!
You die...

#.# #.# #..(.# #.# #.#
#.# #.#### #.# #.# #.#
#.# #.# #.# #.####.# #.#
#.# #......# #.######
#.# #..###.# #.##....
#.# #..###.## #.##.###
#.# #.......## #.##.# #
#.# ##.#.#.#@## #.##.###
#.#
#..##.##o########.......
#.#
#.#.#.............##.###
#.#
#.##....=>......#.##.#
#####.#
#.###.#########...##.#
......# #.# #.# ##..##.#
####### #.# #.#
#..##.### # #.#
#.##########..##.... #
#>###.............######


You could see an orc.

Vanquished Creatures
  A gnoll (D:1)
  2 adders (D:2)
  3 worms (D:2)
  A dart slug (D:2)
  A leopard gecko (D:2)
  2 orcs (D:3)
  5 bats
  2 giant cockroaches
  5 goblins
  4 hobgoblins
  4 jackals
  2 quokkas (D:2)
  A ball python (D:2)
  A frilled lizard (D:2)
  7 kobolds
  5 rats
46 creatures vanquished.

Vanquished Creatures (collateral kills)
  A jackal (D:1)
  A kobold (D:1)
2 creatures vanquished.

Grand Total: 48 creatures vanquished

Notes
Turn   | Place    | Note
-------+----------+-------------------------------------------
     0 | D:1      | snuffy2 the Demonspawn Monk began the quest for the Orb.
     0 | D:1      | Reached XP level 1. HP: 18/18 MP: 1/1
   125 | D:1      | Gained mutation: A weak demonic guardian rushes to your
                  | aid. [demonic ancestry]
   125 | D:1      | Reached XP level 2. HP: 22/24 MP: 2/2
   540 | D:1      | Gained mutation: You have large cloven feet. [demonic
                  | ancestry]
   540 | D:1      | Reached XP level 3. HP: 28/29 MP: 3/3
  2045 | D:2      | Gained mutation: You are slightly more attuned to the
                  | shadows. [demonic ancestry]
  2045 | D:2      | Reached XP level 4. HP: 35/35 MP: 4/4
  2317 | D:2      | Slain by an orc

Vault maps used:
D:1:      dpeg_arrival_long_road, palyth_stone_intersect
D:2:      first_ration
D:3:      uniq_terence

Skill      XL: |  1  2  3 |
---------------+----------+-----
Stealth        | 2 3 |  3.4
Dodging        | 3 |  3.7
Fighting       | |  3.0
Long Blades    | |  2.6

Action                   |  1- 3 |  4- 6 || total
-------------------------+-------+-------++-------
Melee: Falchion          |   117 |    28 ||   145
       Kick              |    16 |    14 ||    30
  Use: Scroll            |     5 |       ||     5
 Stab: Sleeping          |    15 |     1 ||    16
  Eat: Ration            |     1 |       ||     1
       Chunk             |       |     1 ||     1
Armor: Robe              |    20 |     1 ||    21
Dodge: Dodged            |    62 |    14 ||    76
Block: Buckler           |    11 |     3 ||    14
       Rpst.: Falchion   |    16 |     5 ||    21

Table legend:
 A = Non-vault XP
 B = Vault XP
 C = Vault XP percentage of total XP
 D = Non-vault monster count
 E = Vault monster count
 F = Vault count percentage of total count
                 A         B        C        D         E       F
            +---------+---------+-------+---------+---------+-------
      Total |     125 |       0 |   0.0 |      48 |       0 |   0.0
            +---------+---------+-------+---------+---------+-------
        D:1 |      41 |       0 |   0.0 |      19 |       0 |   0.0
        D:2 |      78 |       0 |   0.0 |      27 |       0 |   0.0
        D:3 |       6 |       0 |   0.0 |       2 |       0 |   0.0
            +---------+---------+-------+---------+---------+-------
